 Dungeon Crawl Stone Soup version 0.27-a0-13-g87abb2d9eb (webtiles) character file.

Game seed: 1261991979566510578

691 voltaire321 the Magician (level 7, -3/45 HPs)
             Began as an Octopode Hedge Wizard on Jan 2, 2021.
             Killed from afar by an orc wizard (9 damage)
             ... with a magic dart
             ... on level 4 of the Dungeon.
             The game lasted 00:20:15 (5782 turns).

voltaire321 the Magician (Octopode Hedge Wizard)    Turns: 5782, Time: 00:20:16

Health: -3/45      AC:  1    Str:  9    XL:     7   Next: 63%
Magic:  13/13      EV: 14    Int: 19    God:
Gold:   204        SH:  0    Dex: 11    Spells: 9/14 levels left

rFire    . . .     SeeInvis .   s - +2 dagger (venom)
rCold    . . .     Faith    .   (no shield)
rNeg     . . .     Spirit   .   b - +0 hat
rPois    .         Reflect  .   p - amulet of magic regeneration
rElec    .         Harm     .   (no ring)
rCorr    .         Rampage  .   (no ring)
Will     .....                  (no ring)
Stlth    +++.......             (no ring)
HPRegen  0.15/turn              (no ring)
MPRegen  0.38/turn              (no ring)
                                (no ring)
                                (no ring)

@: no status effects
A: almost no armour, stealthy swim, amphibious, 8 rings, constrict 8, camouflage
1, gelatinous body 1
a: no special abilities


You were on level 4 of the Dungeon.
You visited 1 branch of the dungeon, and saw 4 of its levels.

You collected 204 gold pieces.

Inventory:

Hand Weapons
 g - a cursed -1 short sword
 s - a +2 dagger of venom (weapon)
Missiles
 d - 17 poisoned darts
Armour
 b - a +0 hat (worn)
 j - a +0 kite shield
Jewellery
 c - an uncursed amulet of regeneration
 p - an amulet of magic regeneration (around mantle)
Wands
 a - a wand of digging (5)
 q - a wand of iceblast (7)
Scrolls
 e - 2 scrolls of remove curse
 f - 2 scrolls of identify
 i - 3 scrolls of enchant weapon
 k - 2 scrolls of teleportation
Potions
 h - 2 potions of brilliance {unknown}
 m - a potion of mutation {unknown}
 n - a potion of lignification
 o - 2 potions of curing {unknown}
 r - a potion of ambrosia


   Skills:
 + Level 2.8 Fighting
 + Level 3.6 Dodging
 - Level 2.6 Stealth
 + Level 1.4 Shields
 + Level 4.3 Spellcasting
 + Level 3.2 Conjurations
 + Level 3.2 Summonings
 + Level 3.0 Translocations


You had 9 spell levels left.
You knew the following spells:

 Your Spells              Type           Power        Failure   Level
a - Magic Dart            Conj           64%          3%          1
b - Call Imp              Summ           16%          5%          2
c - Blink                 Tloc           N/A          6%          2

Your spell library contained the following spells:

 Spells                   Type           Power        Failure   Level
 Slow                     Hex            4%           21%         2
 Conjure Flame            Conj/Fire      10%          21%         3
 Mephitic Cloud           Conj/Pois/Air  8%           26%         3


Dungeon Overview and Level Annotations

Branches:
Dungeon (4/15)
 Temple: D:4-7

Altars:
Elyvilon
Okawaru
Qazlal
Zin
The Shining One

Annotations:
D:4 Grinder


Innate Abilities, Weirdness & Mutations

You cannot wear most types of armour.
You are very stealthy in the water. (Stealth+)
You are amphibious.
You can wear up to eight rings at the same time.
You can use your tentacles to constrict eight enemies at once.
Your skin changes colour to match your surroundings (Stealth+).
Your rubbery body absorbs attacks. (AC +1, EV +1)


Message History

A boomerang appears from out of your range of vision.
The boomerang closely misses your crimson imp.
You hear some strange, mumbled words.
Your iron imp resists with significant effort.
You miss something.
Your crimson imp barely misses something.
A boomerang appears from out of your range of vision.
The boomerang hits your crimson imp.
Your iron imp misses something.
You hear some strange, mumbled words.
A magic dart appears from out of thin air!
The magic dart hits you!
* * * LOW HITPOINT WARNING * * *
You hit something but do no damage. You squeeze something.
Your crimson imp barely misses something.
A boomerang appears from out of your range of vision.
The boomerang closely misses your crimson imp.
You hear some strange, mumbled words.
A magic dart appears from out of thin air!
The magic dart hits you!
You die...

......... ###........ ####
#.......... ...#### ##..........
......#### #...<.......
.........#########...........
..............................
................)[.............
..........).....@{5.).......ooo.
..................5.>.........o..
..........#######................
...........# ###..............
...........# ##.............
............# #.............
...........5# #........$....
.............# ##............
.............# #...........#


You could see a friendly iron imp (summoned) and a friendly crimson imp
(summoned).

Vanquished Creatures
  Duvessa (D:4)
  Dowan (D:4)
  A scorpion (D:4)
  2 howler monkeys
  2 orc priests
  Natasha (D:3)
  2 worker ants (D:4)
  Robin (D:3)
  4 adders
  4 worms
  2 dart slugs
  3 leopard geckos
  6 orcs
  4 giant cockroaches
  10 goblins
  7 hobgoblins
  3 jackals
  7 kobolds
  A quokka (D:3)
  9 bats
  2 frilled lizards
  A leopard gecko skeleton (D:4)
  6 rats
80 creatures vanquished.

Vanquished Creatures (collateral kills)
  A bullfrog (D:4)
  An orc wizard (D:3)
  2 orc priests
  Natasha (twice) (D:3)
  A gnoll (D:2)
  4 adders
  A worm (D:2)
  A dart slug (D:3)
  2 orcs
  3 goblins (D:3)
  A hobgoblin (D:3)
  2 jackals (D:4)
  A frilled lizard (D:2)
  A leopard gecko skeleton (D:4)
23 creatures vanquished.

Grand Total: 103 creatures vanquished

Notes
Turn   | Place    | Note
-------+----------+-------------------------------------------
     0 | D:1      | voltaire321 the Octopode Hedge Wizard began the quest for
                  | the Orb.
     0 | D:1      | Reached XP level 1. HP: 11/11 MP: 4/4
   260 | D:1      | Reached XP level 2. HP: 18/18 MP: 1/6
  1094 | D:1      | Learned a level 2 spell: Call Imp
  1204 | D:2      | Learned a level 2 spell: Blink
  1560 | D:2      | Reached XP level 3. HP: 21/22 MP: 2/7
  2059 | D:2      | Found an iron altar of Okawaru.
  2128 | D:2      | Reached skill level 1 in Fighting
  2382 | D:2      | Reached XP level 4. HP: 16/28 MP: 6/9
  3236 | D:3      | Noticed Robin
  3705 | D:3      | Reached XP level 5. HP: 33/33 MP: 6/10
  4025 | D:3      | Noticed Natasha
  4030 | D:3      | Killed Natasha
  4296 | D:3      | Killed Robin
  4297 | D:3      | Reached XP level 6. HP: 29/39 MP: 8/11
  4380 | D:3      | Noticed Natasha
  4388 | D:3      | Killed Natasha
  4662 | D:3      | Noticed Natasha
  4669 | D:3      | Killed Natasha
  4832 | D:3      | Found a glowing golden altar of the Shining One.
  4832 | D:3      | Found a white marble altar of Elyvilon.
  4832 | D:3      | Found a glowing silver altar of Zin.
  5105 | D:4      | Found a stormy altar of Qazlal.
  5108 | D:4      | Noticed an air elemental
  5108 | D:4      | Noticed a water elemental
  5108 | D:4      | Noticed a fire elemental
  5135 | D:4      | Reached skill level 4 in Spellcasting
  5290 | D:4      | Noticed Duvessa
  5295 | D:4      | Noticed Dowan
  5302 | D:4      | Killed Duvessa
  5303 | D:4      | Reached XP level 7. HP: 25/45 MP: 11/13
  5322 | D:4      | Killed Dowan
  5323 | D:4      | Reached skill level 1 in Shields
  5488 | D:4      | Noticed Grinder
  5532 | D:3      | HP: 1/45 [howler monkey (7)]
  5782 | D:4      | Killed from afar by an orc wizard

Illustrated notes

Levels and vault maps discovered:
D:1:      lightli_arrival_flooded_house, layout_loops_corners,
          kennysheep_nondescript, roderic_lattice_a, minmay_crystal_room
D:2:      layout_loops_cross, old_standard_altar, minmay_close_crescents
D:3:      layout_rooms, good_gods_mini_temple, uniq_natasha, uniq_robin
D:4:      layout_layer_cave, nicolae_qazlal_style_of_elements, uniq_duvessa,
          uniq_grinder

Skill      XL: |  1  2  3  4  5  6  7 |
---------------+----------------------+-----
Fighting       | 1 2 |  2.8
Conjurations   | 2 3 |  3.2
Summonings     | 2 3 |  3.2
Translocations | 2 3 |  3.0
Dodging        | 3 |  3.6
Spellcasting   | 4 |  4.3
Shields        | 1 |  1.4
Stealth        | |  2.6

Action                   |  1- 3 |  4- 6 |  7- 9 || total
-------------------------+-------+-------+-------++-------
Melee: Dagger            |    43 |    92 |    37 ||   172
       Constrict         |    13 |    25 |     6 ||    44
       Tentacles         |     7 |    14 |     5 ||    26
 Cast: Magic Dart        |    46 |    42 |     4 ||    92
       Call Imp          |    12 |    25 |    13 ||    50
  Use: Scroll            |       |    10 |       ||    10
       Potion            |       |       |     2 ||     2
 Stab: Distracted        |     1 |       |       ||     1
       Sleeping          |       |     1 |       ||     1
Armor: Skin              |     6 |     7 |     2 ||    15
Dodge: Dodged            |    17 |    57 |    23 ||    97

Table legend: (Time is in decaauts)
 A = Elapsed time spent in this place.
 B = Non-inter-level travel time spent in this place.
 C = Inter-level travel time spent in this place.
 D = Time resting spent in this place.
 E = Time spent auto-exploring this place.
 F = Levels seen in this place.
 G = Mean time per level.
                   A        B        C        D        E       F      G
               +--------+--------+--------+--------+--------+-----+--------+
         Total |   5791 |   5639 |    152 |   2793 |   1666 |   4 | 1447.8 |
       Dungeon |   5791 |   5639 |    152 |   2793 |   1666 |   4 | 1447.8 |
               +--------+--------+--------+--------+--------+-----+--------+

Top non-repeatable levels by time:
     D:2: 2419 daAuts
     D:3: 1520 daAuts
     D:1: 1192 daAuts
     D:4: 660 daAuts
